 Dungeon Crawl Stone Soup version 0.24.1-11-gbbbb2193e6 (webtiles) character file.

Game seed: 12065876184197642475, levelgen mode: deterministic

4305 Curus the Severer (level 10, -2/74 HPs)
             Began as a Minotaur Gladiator on May 9, 2020.
             Was an Elder of Okawaru.
             Slain by a small abomination (12 damage)
             ... on level 1 of the Abyss on May 10, 2020.
             The game lasted 00:47:02 (7201 turns).

Curus the Severer (Minotaur Gladiator)              Turns: 7201, Time: 00:47:02

Health: -2/74      AC: 12    Str: 20    XL:     10   Next: 11%
Magic:  9/9        EV:  6    Int:  8    God:    Okawaru [****..]
Gold:   474        SH:  0    Dex: 11    Spells: 9/9 levels left

rFire    + . .     SeeInvis .   B - +3 battleaxe
rCold    + . .     Gourm    .   (shield currently unavailable)
rNeg     . . .     Faith    .   u - +0 plate armour
rPois    .         Spirit   .   c - +1 hat
rElec    +         Reflect  .   F - scarf {repulsion}
rCorr    .         Harm     .   G - +0 pair of gloves
MR       .....                  (no boots)
Stlth    ..........             (no amulet)
HPRegen  0.22/turn              K - ring of protection from cold
MPRegen  0.11/turn              r - ring of protection from fire

@: liquid flames, glowing, repel missiles
A: retaliatory headbutt, horns 2, electricity resistance, MP-powered wands
a: Heroism, Renounce Religion


You were on level 1 of the Abyss.
You worshipped Okawaru.
Okawaru was greatly pleased with you.
You were very hungry.

You visited 1 branch of the dungeon, and saw 9 of its levels.
You visited the Abyss 1 time.
You also visited: Sewer.

You collected 474 gold pieces.

Inventory:

Hand Weapons
 a - a +4 war axe
 B - a +3 battleaxe (weapon)
Missiles
 d - 3 throwing nets (quivered)
Armour
 b - a +0 leather armour
 c - a +1 hat (worn)
 g - a +0 buckler
 h - a +0 ring mail
 m - a +0 scale mail
 p - a +3 chain mail
 u - a +0 plate armour (worn)
 E - the +0 buckler "Xuhanic" {Str+3}
   (You found it on level 7 of the Dungeon)

   It affects your strength (+3).
 F - a scarf of repulsion (worn)
 G - a +0 pair of gloves (worn)
Jewellery
 e - an uncursed ring of attention
 i - a -3 ring of protection
 k - an uncursed ring of positive energy
 o - an uncursed ring of resist corrosion
 q - a +3 ring of intelligence
 r - a ring of protection from fire (right hand)
 D - a +4 ring of intelligence
 K - a ring of protection from cold (left hand)
Wands
 v - a wand of clouds (14)
 w - a wand of iceblast (12)
 C - a wand of acid (23)
 H - a wand of scattershot (7)
 I - a wand of flame (18)
Scrolls
 j - 4 scrolls of magic mapping
 l - 2 scrolls of amnesia
 n - 10 scrolls of identify
 s - 2 scrolls of remove curse
 t - 5 scrolls of teleportation
 y - 4 scrolls of blinking
Potions
 z - 2 potions of might
 A - a potion of haste
 J - a potion of flight
Comestibles
 f - 16 rations


   Skills:
 - Level 2.4 Fighting
 + Level 16.6 Axes
 - Level 2.0 Throwing
 - Level 3.2 Dodging


You had 9 spell levels left.
You didn't know any spells.
Your spell library contained the following spells:

 Spells                   Type           Power        Failure   Level  Hunger
 Confusing Touch          Hex            #.....       100%        1    ##.....
 Sting                    Conj/Pois      #...         100%        1    ##.....
 Poisonous Vapours        Pois/Air       #.....       100%        2    ###....
 Confuse                  Hex            #.......     100%        3    ####...
 Conjure Flame            Conj/Fire      #.......     100%        3    ####...
 Gell's Gravitas          Tloc           #.........   100%        3    ####...
 Mephitic Cloud           Conj/Pois/Air  #.......     100%        3    ####...
 Olgreb's Toxic Radiance  Pois           #.......     100%        4    #####..
 Petrify                  Tmut/Erth      #.......     100%        4    #####..
 Metabolic Englaciation   Hex/Ice        #.........   100%        5    ######.
 Venom Bolt               Conj/Pois      #.........   100%        5    ######.
 Yara's Violent Unravell  Hex/Tmut       #.........   100%        5    ######.
 Freezing Cloud           Conj/Ice/Air   #.........   100%        6    #######
 Ring of Flames           Chrm/Fire      #.........   100%        7    #######


Dungeon Overview and Level Annotations

Branches:
Dungeon (9/15)             Temple (0/1) D:4           Sewer (visited)
   Lair: D:8-11         Orc: D:9-12

Altars:
Ashenzari
Dithmenos
Fedhas
Gozag
Kikubaaqudgha
Makhleb
Nemelex Xobeh
Okawaru
Ru
Sif Muna
Trog
Vehumet
Xom

Shops:
D:6 [%   D:7 :

Annotations:
D:5 2 transporters, lysyklops's ghost, novice GrFi
D:9 Erolcha


Innate Abilities, Weirdness & Mutations

You reflexively headbutt those who attack you in melee.
You have a pair of horns on your head.
You are resistant to electric shocks. (rElec)
You expend magic power (3 MP) to strengthen your wands.


Message History

The smoke demon is severely wounded.
You are covered in liquid flames!
* * * LOW HITPOINT WARNING * * *
The smoke demon hits you.
* * * LOW HITPOINT WARNING * * *
The smoke demon hits you but does no damage. x2
You feel better.
You are covered in liquid flames!
* * * LOW HITPOINT WARNING * * *
The smoke demon hits you but does no damage. x2
The smoke demon barely misses you.
You fail to use your ability.
You are covered in liquid flames!
* * * LOW HITPOINT WARNING * * *
You barely miss the smoke demon.
The smoke demon is severely wounded.
You hit the small abomination but do no damage.
You are covered in liquid flames!
The small abomination hits you!
You die...

# #.. . . #
. # ...## ##
## . .
##.###.# #.
. ##...
...... . .
....##.3. #
.. #
#..#.##x#.#
#..#.@3# . .
#....#.# ...
.#)..W..# #
#
##..#...#...
. #.
#.##......
.. ##. . .##
. .... .
.#..# # .#.#
. .#.. ## .
. . .


You could see a freezing wraith, 2 smoke demons and a small abomination.

Vanquished Creatures
  A shadow dragon skeleton (Abyss:1)
  An ancient zyme (Abyss:1)
  2 sky beasts (D:7)
  2 ice beasts
  2 orc warriors
  A black bear (D:7)
  2 phantoms
  A hornet zombie (D:6)
  3 ogres
  2 centaurs (D:7)
  5 bullfrogs
  3 scorpions
  6 wights
  2 howler monkeys
  3 electric eels (D:9)
  2 bullfrog zombies
  A centaur zombie (D:5)
  6 crimson imps
  3 bullfrog skeletons
  3 orc priests
  4 hounds
  4 orc wizards
  A centaur skeleton (D:4)
  Natasha (thrice) (D:2)
  2 iguanas
  5 worker ants
  A hound zombie (D:5)
  4 hound skeletons
  A worker ant zombie (D:5)
  A gnoll (D:3)
  18 adders
  2 river rats (Sewer)
  A shadow imp (D:5)
  2 oozes
  An adder skeleton (D:5)
  5 worms
  5 dart slugs
  3 leopard geckos
  27 orcs
  4 ball pythons
  3 bat zombies (D:8)
  9 giant cockroaches
  9 goblins
  12 hobgoblins
  13 jackals
  7 quokkas
  3 bats
  15 frilled lizards
  9 kobolds
  A leopard gecko skeleton (D:3)
  14 rats
  3 rat zombies (D:8)
243 creatures vanquished.

Vanquished Creatures (others)
  3 plants (D:5)
3 creatures vanquished.

Grand Total: 246 creatures vanquished

Notes
Turn   | Place    | Note
-------+----------+-------------------------------------------
     0 | D:1      | Curus the Minotaur Gladiator began the quest for the Orb.
     0 | D:1      | Reached XP level 1. HP: 18/18 MP: 0/0
    53 | D:1      | Reached skill level 4 in Axes
    57 | D:1      | Reached XP level 2. HP: 13/25 MP: 1/1
   471 | D:1      | Reached skill level 5 in Axes
   567 | D:1      | Reached XP level 3. HP: 27/30 MP: 2/2
   923 | D:2      | Noticed Natasha
   931 | D:2      | Killed Natasha
   931 | D:2      | Reached skill level 6 in Axes
   931 | D:2      | Reached XP level 4. HP: 18/37 MP: 3/3
   966 | D:2      | Noticed Natasha
   972 | D:2      | Killed Natasha
   972 | D:2      | Noticed Natasha
   980 | D:2      | Killed Natasha
   980 | D:2      | Reached XP level 5. HP: 6/42 MP: 4/4
  1268 | D:2      | Reached skill level 7 in Axes
  1663 | D:2      | Found a radiant altar of Vehumet.
  2275 | D:3      | Reached skill level 8 in Axes
  2450 | D:3      | Found an iron altar of Okawaru.
  2453 | D:3      | Reached XP level 6. HP: 48/50 MP: 5/5
  2462 | D:3      | Became a worshipper of Warmaster Okawaru
  2522 | D:4      | Upgraded the game from 0.24.1-8-ga250c9d538 to
                  | 0.24.1-11-gbbbb2193e6
  2601 | D:4      | Reached skill level 9 in Axes
  2631 | D:4      | Found a sparkling altar of Nemelex Xobeh.
  2669 | D:4      | Reached * piety under Okawaru
  2746 | D:4      | Reached XP level 7. HP: 29/56 MP: 6/6
  2776 | D:4      | Reached skill level 10 in Axes
  2778 | D:4      | Found a staircase to the Ecumenical Temple.
  2945 | D:4      | Found a bloodstained altar of Trog.
  2945 | D:4      | Found a shimmering blue altar of Sif Muna.
  3258 | D:5      | Entered Level 5 of the Dungeon
  3329 | D:5      | Reached skill level 11 in Axes
  3360 | D:5      | Found a blossoming altar of Fedhas.
  3403 | D:5      | Found a burning altar of Makhleb.
  3455 | D:5      | Reached XP level 8. HP: 62/62 MP: 7/7
  3459 | D:5      | Reached ** piety under Okawaru
  3513 | D:5      | Found a glowing drain.
  3542 | Sewer    | Entered a sewer
  3926 | D:5      | Reached skill level 12 in Axes
  3934 | D:5      | Found an opulent altar of Gozag.
  3960 | D:5      | Found a transporter.
  4042 | D:5      | Found a transporter.
  4061 | D:5      | Noticed lysyklops's ghost (novice GrFi)
  4285 | D:6      | Found Byrogode's Food Boutique.
  4337 | D:6      | Found a shattered altar of Ashenzari.
  4406 | D:6      | Reached skill level 13 in Axes
  4735 | D:6      | Reached *** piety under Okawaru
  4737 | D:6      | Reached XP level 9. HP: 32/68 MP: 8/8
  4970 | D:6      | Found Nothimyija's Armour Shoppe.
  5036 | D:6      | Reached skill level 14 in Axes
  5403 | D:7      | Found Pegoink's Book Emporium.
  5674 | D:7      | Got a fine buckler
  5709 | D:7      | Reached skill level 15 in Axes
  5807 | D:7      | Gained mutation: You expend magic power (3 MP) to
                  | strengthen your wands. [potion of mutation]
  5807 | D:7      | Gained mutation: You are resistant to electric shocks.
                  | (rElec) [potion of mutation]
  5900 | D:7      | Reached **** piety under Okawaru
  6076 | D:7      | Identified the +0 buckler "Xuhanic" {Str+3} (You found it
                  | on level 7 of the Dungeon)
  6237 | D:8      | Found a sacrificial altar of Ru.
  6497 | D:8      | Found a glowing silver altar of Zin.
  6499 | D:8      | Found a blossoming altar of Fedhas.
  6499 | D:8      | Found a shadowy altar of Dithmenos.
  6501 | D:8      | Found a radiant altar of Vehumet.
  6501 | D:8      | Found an iron altar of Okawaru.
  6501 | D:8      | Found a shimmering altar of Xom.
  6596 | D:8      | Found an ancient bone altar of Kikubaaqudgha.
  6756 | D:9      | Reached skill level 16 in Axes
  7054 | D:9      | Noticed Erolcha
  7058 | D:9      | Cast into level 1 of the Abyss (Erolcha)
  7070 | Abyss:1  | Noticed an ancient zyme
  7078 | Abyss:1  | Killed an ancient zyme
  7078 | Abyss:1  | Reached XP level 10. HP: 64/74 MP: 2/9
  7094 | Abyss:1  | Found a corrupted altar of Lugonu.
  7193 | Abyss:1  | Noticed a smoke demon
  7197 | Abyss:1  | Noticed a smoke demon
  7201 | Abyss:1  | Slain by a small abomination

Levels and vault maps discovered:
D:1:      evilmike_arrival_hilbert_curve, layout_basic
D:2:      layout_basic, lemuel_round_altar, uniq_natasha
D:3:      layout_loops_ring, okawaru_altar_gauntlet_db
D:4:      layout_basic, kennysheep_mini_moat,
          gammafunk_temple_overflow_elements, minmay_temple_entry_arrows,
          first_ration
D:5:      layout_loops_ring, bloody_makhleb, lemuel_doored_altar,
          overflow_temple_1_default, gammafunk_ghost_gnarly_gnolls,
          gup_sewer_entry_glass
D:6:      layout_rooms, marbit_many_paths, serial_shops, shop, shop_fountains
D:7:      layout_basic, serial_shops, nicolae_shop_window_shopping
D:8:      layout_cave_pools, nicolae_overflow_crystal_walls,
          lemuel_zombie_altar_kikubaaqudgha, doesnt_xom_only_xom
D:9:      due_megacathedral, layout_basic, blue_anna_alchemist
          [blue_anna_fruit_fields, blue_anna_fruit_fields], item_on_display_a,
          uniq_erolcha
Abyss:1:  base:
D:3

Skill      XL: |  1  2  3  4  5  6  7  8  9 |
---------------+----------------------------+-----
Axes           | 4 5 6 8 9 11 13 16 | 16.6
Fighting       | |  2.4
Throwing       | |  2.0
Dodging        | |  3.2

Action                   |  1- 3 |  4- 6 |  7- 9 | 10-12 || total
-------------------------+-------+-------+-------+-------++-------
Melee: War axe           |    52 |   152 |   210 |       ||   414
       Headbutt          |    11 |    20 |    55 |     3 ||    89
       Battleaxe         |       |       |   161 |    18 ||   179
Invok: Heroism           |       |       |     1 |       ||     1
Evoke: Wand              |       |       |     2 |       ||     2
  Use: Scroll            |     4 |     6 |     4 |       ||    14
       Potion            |     4 |     3 |     6 |     1 ||    14
  Eat: Chunk             |       |     6 |    10 |       ||    16
       Ration            |       |       |     1 |       ||     1
Armor: Leather armour    |     6 |       |       |       ||     6
       Ring mail         |     7 |     1 |       |       ||     8
       Chain mail        |       |    39 |   120 |       ||   159
       Scale mail        |       |     8 |       |       ||     8
       Plate armour      |       |       |    60 |    10 ||    70
Dodge: Dodged            |    33 |    43 |    78 |     6 ||   160
       Deflected         |       |       |     5 |       ||     5
Block: Buckler           |     1 |    18 |    20 |       ||    39
